Senators vs Capitals

Created - December 7 2011 at 18:27

Goals
1 2 3 T
Senators 1 2 4 7
Capitals 1 0 1 2
Shots
1 2 3 T
Senators 6 9 9 24
Capitals 5 11 10 26

Period #1

1. Senators , Sidney Crosby 22 (Jan Hejda, Claude Giroux) at 0:56 (PP)
2. Capitals , Douglas Murray 7 (Willie Mitchell, Alexei Kovalev) at 11:16 (PP)

Penalties :
Kimmo Timonen (WSH) for Cross-checking (Minor) at 0:07, Daniel Alfredsson (OTT) for Hooking (Minor) at 2:03, Shaone Morrisonn (OTT) for Hooking (Minor) at 10:12, Kimmo Timonen (WSH) for Hooking (Minor) at 12:58, Matt Stajan (WSH) for Interference (Minor) at 15:11, Marc Methot (WSH) for Tripping (Minor) at 17:54

Period #2

3. Senators , Sidney Crosby 23 (Nicklas Lidstrom, Claude Giroux) at 17:09 (PP)
4. Senators , John Tavares 13 (John-Michael Liles, Jamie Benn) at 19:28

Penalties :
Shaone Morrisonn (OTT) for Hooking (Minor) at 3:52, Jamie Benn (OTT) for Holding (Minor) at 8:17, Dion Phaneuf (OTT) for Holding (Minor) at 12:02, Trent Hunter (WSH) for Holding (Minor) at 15:17, Ryane Clowe (WSH) for Hooking (Minor) at 16:43

Period #3

5. Senators , Daniel Alfredsson 5 (Dion Phaneuf, Jamie Benn) at 3:27
6. Senators , Jason Spezza 14 (John-Michael Liles, Jamie Benn) at 8:05 (PP)
7. Senators , Jamie Benn 8 (John Tavares, Daniel Alfredsson) at 8:21
8. Senators , Jason Spezza 15 (John Tavares, Shaone Morrisonn) at 13:16
9. Capitals , Jeff Halpern 7 (Willie Mitchell, Alexander Semin) at 16:32

Penalties :
Tomas Fleischmann (WSH) for Slashing (Minor) at 7:59, Claude Giroux (OTT) for Roughing (Minor) at 10:19

Goalie Stats

Carey Price (OTT), 24 saves from 26 shots - (0.923), W, 16-6-3, 60:00 minutes
Mike Smith (WSH), 3 saves from 6 shots - (0.500), 16:33 minutes
Jimmy Howard (WSH), 14 saves from 18 shots - (0.778), L, 21-10-1, 43:27 minutes

Players Stats

Senators
Player Name              G  A  P  +/- PIM S  H  SB FO    MP 
------------------------------------------------------------
Claude Giroux            0  2  2   0  2   2  1  0  0/1   17 
Craig Conroy             0  0  0   0  0   0  0  0  5/6   6  
Daniel Alfredsson        1  1  2   2  2   1  1  0  0/1   19 
Derek Morris             0  0  0   1  0   0  0  1  0/0   18 
Dion Phaneuf             0  1  1   2  2   2  6  2  0/0   22 
Jamie Benn               1  3  4   2  2   5  5  0  0/2   18 
Jan Hejda                0  1  1   0  0   1  1  1  0/0   23 
Jason Spezza             2  0  2   1  0   3  0  0  9/28  17 
Joffrey Lupul            0  0  0   0  0   1  2  0  0/0   19 
John Tavares             1  2  3   3  0   2  0  0  8/17  17 
John-Michael Liles       0  2  2   2  0   0  0  1  0/0   21 
Nick Foligno             0  0  0   1  0   0  3  1  0/0   13 
Nicklas Lidstrom         0  1  1   0  0   0  0  2  0/0   22 
Patrick Eaves            0  0  0   0  0   1  1  0  0/0   20 
Peter Regin              0  0  0   0  0   0  0  0  0/0   0  
Ryan Johnson             0  0  0   0  0   0  0  0  4/10  6  
Shaone Morrisonn         0  1  1   1  4   0  1  0  0/0   13 
Sidney Crosby            2  0  2   0  0   6  0  1  15/30 17 
Capitals
Player Name              G  A  P  +/- PIM S  H  SB FO    MP 
------------------------------------------------------------
Alexander Ovechkin       0  0  0  -3  0   8  2  0  0/2   24 
Alexander Semin          0  1  1   0  0   4  0  0  2/3   18 
Alexei Kovalev           0  1  1  -3  0   1  0  0  0/0   11 
David Desharnais         0  0  0   0  0   2  0  0  13/26 20 
Douglas Murray           1  0  1   0  0   1  1  0  0/0   21 
Jeff Halpern             1  0  1   0  0   1  0  0  20/27 18 
Kimmo Timonen            0  0  0  -3  4   2  1  1  0/0   20 
Marc Methot              0  0  0   0  2   0  3  2  0/0   15 
Mathieu Perreault        0  0  0   0  0   0  0  0  0/0   0  
Matt Stajan              0  0  0  -3  2   0  1  0  13/29 19 
Mike Green               0  0  0   0  0   1  4  2  0/0   19 
Ryan McDonagh            0  0  0   0  0   0  1  1  0/0   14 
Ryane Clowe              0  0  0   0  2   1  1  1  4/4   19 
Steve Eminger            0  0  0  -3  0   0  0  0  0/0   6  
Taylor Hall              0  0  0   0  0   3  0  0  0/1   16 
Tomas Fleischmann        0  0  0   0  2   1  1  0  1/1   16 
Trent Hunter             0  0  0   0  2   0  4  0  1/2   14 
Willie Mitchell          0  2  2   0  0   1  0  0  0/0   21 

3 Stars

1 - Jamie Benn (OTT)
2 - John Tavares (OTT)
3 - Jason Spezza (OTT)

Power Play

Senators - 3 on 7 Attempt(s) - 42.86%
Capitals - 1 on 6 Attempt(s) - 16.67%

Penalty Kill

Senators - 5 on 6 Attempt(s) - 83.33% - Score 0 goal in Penalty Kill
Capitals - 4 on 7 Attempt(s) - 57.14% - Score 0 goal in Penalty Kill

Game Notes

Mike Smith enters game at 3:27 of 3rd period

Finance

Level 1 -- Attendance: 4966 (76.40%) -- Ticket Income $496,600.00
Level 2 -- Attendance: 3655 (73.10%) -- Ticket Income $219,300.00
Level 3 -- Attendance: 2595 (74.14%) -- Ticket Income $90,825.00
Level 4 -- Attendance: 2615 (97.87%) -- Ticket Income $52,300.00
Luxury Box -- Attendance: 774 (77.40%) -- Ticket Income $154,800.00
Game was played at the Verizon Center
Total Attendance: 14605 (78.22%)
Total Ticket Income: $1,069,427.00
Other Income: $218,487.90
Total Income: $1,287,915.00


Play by Play

Period #1

0:01 of 1st period - Sidney Crosby wins face-off versus Matt Stajan in neutral zone.
0:01 of 1st period - Nicklas Lidstrom is hit by Alexander Ovechkin and loses puck.
0:05 of 1st period - Joffrey Lupul is hit by Mike Green and loses puck.
0:07 of 1st period - Minor Penalty to Kimmo Timonen for Cross-checking.
0:08 of 1st period - Ryane Clowe wins face-off versus Jason Spezza in Capitals zone.
0:08 of 1st period - Ryane Clowe is hit by Jamie Benn.
0:28 of 1st period - Shot by Jamie Benn.
0:28 of 1st period - Stopped by Jimmy Howard without a rebound.
0:29 of 1st period - Sidney Crosby wins face-off versus David Desharnais in Capitals zone.
0:33 of 1st period - Sidney Crosby is hit by Douglas Murray and loses puck.
0:44 of 1st period - Shot by Sidney Crosby.
0:44 of 1st period - Shot Misses the Net.
0:48 of 1st period - Shot by Claude Giroux.
0:48 of 1st period - Shot Misses the Net.
0:50 of 1st period - Shot by Jan Hejda.
0:50 of 1st period - Shot Misses the Net.
0:52 of 1st period - Shot by Claude Giroux.
0:52 of 1st period - Shot Misses the Net.
0:54 of 1st period - Shot by Jan Hejda.
0:54 of 1st period - Shot Misses the Net.
0:56 of 1st period - Shot by Sidney Crosby.
0:56 of 1st period - Goal by Sidney Crosby - Senators : 1 - Capitals : 0.
0:57 of 1st period - Matt Stajan wins face-off versus John Tavares in neutral zone.
1:28 of 1st period - Shot by John Tavares.
1:28 of 1st period - Shot Misses the Net.
2:03 of 1st period - Minor Penalty to Daniel Alfredsson for Hooking.
2:04 of 1st period - Craig Conroy wins face-off versus David Desharnais in Senators zone.
2:31 of 1st period - Shot by Tomas Fleischmann.
2:31 of 1st period - Shot Misses the Net.
2:33 of 1st period - Shot by Alexander Ovechkin.
2:33 of 1st period - Stopped by Carey Price without a rebound.
2:34 of 1st period - Matt Stajan wins face-off versus Ryan Johnson in Senators zone.
2:37 of 1st period - Shot by Alexei Kovalev.
2:37 of 1st period - Shot Misses the Net.
2:39 of 1st period - Shot by Matt Stajan.
2:39 of 1st period - Deflect By Alexei Kovalev.
2:39 of 1st period - Stopped by Carey Price without a rebound.
2:40 of 1st period - Craig Conroy wins face-off versus Matt Stajan in Senators zone.
3:35 of 1st period - Icing by Alexander Semin.
3:36 of 1st period - John Tavares wins face-off versus David Desharnais in Capitals zone.
4:02 of 1st period - Icing by Alexei Kovalev.
4:03 of 1st period - Jeff Halpern wins face-off versus Jason Spezza in Capitals zone.
4:35 of 1st period - Jason Spezza is hit by Trent Hunter and loses puck.
4:42 of 1st period - Taylor Hall is hit by Patrick Eaves.
5:00 of 1st period - Shot by Sidney Crosby.
5:00 of 1st period - Deflect By Joffrey Lupul.
5:00 of 1st period - Shot Blocked by Marc Methot.
5:04 of 1st period - Shot by Sidney Crosby.
5:04 of 1st period - Stopped by Jimmy Howard without a rebound.
5:05 of 1st period - Matt Stajan wins face-off versus John Tavares in Capitals zone.
5:21 of 1st period - Off-side.
5:22 of 1st period - Ryane Clowe wins face-off versus Sidney Crosby in neutral zone.
5:51 of 1st period - Shot by Sidney Crosby.
5:51 of 1st period - Deflect By Joffrey Lupul.
5:51 of 1st period - Shot Hit the Post.
6:00 of 1st period - Ryane Clowe is hit by Jan Hejda and loses puck.
6:14 of 1st period - Icing by Steve Eminger.
6:15 of 1st period - Matt Stajan wins face-off versus Jamie Benn in Capitals zone.
6:15 of 1st period - Matt Stajan is hit by Daniel Alfredsson.
6:43 of 1st period - Shot by Alexander Ovechkin.
6:43 of 1st period - Stopped by Carey Price without a rebound.
6:44 of 1st period - David Desharnais wins face-off versus Jason Spezza in Senators zone.
7:02 of 1st period - Icing by Patrick Eaves.
7:03 of 1st period - Jason Spezza wins face-off versus Jeff Halpern in Senators zone.
7:03 of 1st period - Jason Spezza is hit by Tomas Fleischmann.
7:06 of 1st period - Icing by Nick Foligno.
7:07 of 1st period - Jason Spezza wins face-off versus Jeff Halpern in Senators zone.
7:37 of 1st period - Icing by Douglas Murray.
7:38 of 1st period - Jeff Halpern wins face-off versus Jamie Benn in Capitals zone.
7:38 of 1st period - Jeff Halpern is hit by Jamie Benn.
8:15 of 1st period - Icing by Dion Phaneuf.
8:16 of 1st period - John Tavares wins face-off versus David Desharnais in Senators zone.
8:36 of 1st period - Shot by Taylor Hall.
8:36 of 1st period - Stopped by Carey Price without a rebound.
8:37 of 1st period - Matt Stajan wins face-off versus Sidney Crosby in Senators zone.
8:57 of 1st period - Off-side.
8:58 of 1st period - Jason Spezza wins face-off versus David Desharnais in neutral zone.
9:16 of 1st period - Off-side.
9:17 of 1st period - Sidney Crosby wins face-off versus Jeff Halpern in neutral zone.
9:31 of 1st period - Shot by Claude Giroux.
9:31 of 1st period - Stopped by Jimmy Howard without a rebound.
9:32 of 1st period - Jason Spezza wins face-off versus Matt Stajan in Capitals zone.
9:32 of 1st period - Patrick Eaves is hit by Mike Green and loses puck.
10:12 of 1st period - Minor Penalty to Shaone Morrisonn for Hooking.
10:13 of 1st period - David Desharnais wins face-off versus Ryan Johnson in Senators zone.
10:59 of 1st period - Off-side.
11:00 of 1st period - Matt Stajan wins face-off versus Ryan Johnson in neutral zone.
11:10 of 1st period - Shot by Alexei Kovalev.
11:10 of 1st period - Shot Misses the Net.
11:12 of 1st period - Shot by Willie Mitchell.
11:12 of 1st period - Shot Misses the Net.
11:14 of 1st period - Shot by Willie Mitchell.
11:14 of 1st period - Shot Blocked by Dion Phaneuf.
11:16 of 1st period - Shot by Douglas Murray.
11:16 of 1st period - Goal by Douglas Murray - Senators : 1 - Capitals : 1.
11:17 of 1st period - Sidney Crosby wins face-off versus Trent Hunter in neutral zone.
11:24 of 1st period - Shot by Sidney Crosby.
11:24 of 1st period - Shot Blocked by Ryan McDonagh.
11:26 of 1st period - Shot by Jan Hejda.
11:26 of 1st period - Shot Misses the Net.
11:28 of 1st period - Shot by Joffrey Lupul.
11:28 of 1st period - Stopped by Jimmy Howard with a rebound.
11:30 of 1st period - Shot by Jan Hejda.
11:30 of 1st period - Stopped by Jimmy Howard without a rebound.
11:31 of 1st period - John Tavares wins face-off versus Jeff Halpern in Capitals zone.
11:34 of 1st period - Shot by Jamie Benn.
11:34 of 1st period - Shot Misses the Net.
11:51 of 1st period - Icing by John-Michael Liles.
11:52 of 1st period - John Tavares wins face-off versus David Desharnais in Senators zone.
11:52 of 1st period - John Tavares is hit by Trent Hunter.
12:02 of 1st period - Ryan McDonagh is hit by Jamie Benn.
12:23 of 1st period - Taylor Hall is hit by Dion Phaneuf and loses puck.
12:31 of 1st period - Icing by John-Michael Liles.
12:32 of 1st period - John Tavares wins face-off versus Alexander Ovechkin in Senators zone.
12:39 of 1st period - Icing by Alexander Ovechkin.
12:40 of 1st period - Sidney Crosby wins face-off versus Matt Stajan in Capitals zone.
12:58 of 1st period - Minor Penalty to Kimmo Timonen for Hooking.
12:59 of 1st period - Ryane Clowe wins face-off versus Sidney Crosby in Capitals zone.
12:59 of 1st period - Ryane Clowe is hit by Claude Giroux.
13:42 of 1st period - Icing by Jason Spezza.
13:43 of 1st period - Jeff Halpern wins face-off versus Jason Spezza in Senators zone.
13:44 of 1st period - Shot by Alexander Ovechkin.
13:44 of 1st period - Shot Blocked by John-Michael Liles.
15:11 of 1st period - Minor Penalty to Matt Stajan for Interference.
15:12 of 1st period - David Desharnais wins face-off versus Sidney Crosby in Capitals zone.
16:00 of 1st period - Icing by Jamie Benn.
16:01 of 1st period - Jason Spezza wins face-off versus Alexander Semin in Senators zone.
17:15 of 1st period - Icing by Jeff Halpern.
17:16 of 1st period - Jason Spezza wins face-off versus Matt Stajan in Capitals zone.
17:19 of 1st period - Shot by Claude Giroux.
17:19 of 1st period - Shot Hit the Post.
17:54 of 1st period - Minor Penalty to Marc Methot for Tripping.
17:55 of 1st period - David Desharnais wins face-off versus Sidney Crosby in Capitals zone.

Period #2

0:01 of 2nd period - Sidney Crosby wins face-off versus Matt Stajan in neutral zone.
0:57 of 2nd period - Icing by Jan Hejda.
0:58 of 2nd period - Sidney Crosby wins face-off versus Jeff Halpern in Senators zone.
1:24 of 2nd period - Off-side.
1:25 of 2nd period - David Desharnais wins face-off versus Jason Spezza in neutral zone.
1:36 of 2nd period - Shot by Patrick Eaves.
1:36 of 2nd period - Shot Misses the Net.
1:40 of 2nd period - Shot by Shaone Morrisonn.
1:40 of 2nd period - Shot Misses the Net.
2:43 of 2nd period - Icing by Ryan McDonagh.
2:44 of 2nd period - David Desharnais wins face-off versus Sidney Crosby in Capitals zone.
3:07 of 2nd period - Shot by Alexander Ovechkin.
3:07 of 2nd period - Stopped by Carey Price without a rebound.
3:08 of 2nd period - Jeff Halpern wins face-off versus John Tavares in Senators zone.
3:16 of 2nd period - Icing by Daniel Alfredsson.
3:17 of 2nd period - Matt Stajan wins face-off versus John Tavares in Senators zone.
3:52 of 2nd period - Minor Penalty to Shaone Morrisonn for Hooking.
3:53 of 2nd period - Craig Conroy wins face-off versus Matt Stajan in Senators zone.
6:19 of 2nd period - Shot by Alexander Semin.
6:19 of 2nd period - Stopped by Carey Price without a rebound.
6:20 of 2nd period - Jeff Halpern wins face-off versus Sidney Crosby in Senators zone.
7:20 of 2nd period - Shot by Alexander Ovechkin.
7:20 of 2nd period - Stopped by Carey Price without a rebound.
7:21 of 2nd period - Jeff Halpern wins face-off versus Jason Spezza in Senators zone.
7:36 of 2nd period - Shot by Alexander Semin.
7:36 of 2nd period - Shot Blocked by Nick Foligno.
8:17 of 2nd period - Minor Penalty to Jamie Benn for Holding.
8:18 of 2nd period - Matt Stajan wins face-off versus Ryan Johnson in Senators zone.
8:35 of 2nd period - Shot by Ryane Clowe.
8:35 of 2nd period - Shot Misses the Net.
8:37 of 2nd period - Shot by Alexei Kovalev.
8:37 of 2nd period - Shot Misses the Net.
8:43 of 2nd period - Shot by Kimmo Timonen.
8:43 of 2nd period - Stopped by Carey Price without a rebound.
8:44 of 2nd period - Craig Conroy wins face-off versus David Desharnais in Senators zone.
9:03 of 2nd period - Shot by Alexander Ovechkin.
9:03 of 2nd period - Shot Blocked by Derek Morris.
9:28 of 2nd period - Icing by Taylor Hall.
9:29 of 2nd period - Craig Conroy wins face-off versus Matt Stajan in Capitals zone.
10:19 of 2nd period - Taylor Hall is hit by Dion Phaneuf and loses puck.
10:25 of 2nd period - Taylor Hall is hit by Dion Phaneuf and loses puck.
10:46 of 2nd period - Shot by David Desharnais.
10:46 of 2nd period - Deflect By Taylor Hall.
10:46 of 2nd period - Stopped by Carey Price without a rebound.
10:47 of 2nd period - Matt Stajan wins face-off versus Sidney Crosby in Senators zone.
11:11 of 2nd period - Shot by Alexei Kovalev.
11:11 of 2nd period - Deflect By Alexander Ovechkin.
11:11 of 2nd period - Stopped by Carey Price without a rebound.
11:12 of 2nd period - Jeff Halpern wins face-off versus Jason Spezza in Senators zone.
11:13 of 2nd period - Shot by Alexander Semin.
11:13 of 2nd period - Shot Misses the Net.
12:02 of 2nd period - Minor Penalty to Dion Phaneuf for Holding.
12:03 of 2nd period - David Desharnais wins face-off versus Ryan Johnson in Senators zone.
12:18 of 2nd period - Shot by Alexander Ovechkin.
12:18 of 2nd period - Stopped by Carey Price with a rebound.
12:20 of 2nd period - Shot by Alexander Ovechkin.
12:20 of 2nd period - Shot Blocked by Jan Hejda.
12:22 of 2nd period - Shot by Kimmo Timonen.
12:22 of 2nd period - Stopped by Carey Price without a rebound.
12:23 of 2nd period - Ryan Johnson wins face-off versus Matt Stajan in Senators zone.
12:23 of 2nd period - Ryan Johnson is hit by Ryane Clowe.
13:09 of 2nd period - Shot by Patrick Eaves.
13:09 of 2nd period - Stopped by Jimmy Howard without a rebound.
13:10 of 2nd period - David Desharnais wins face-off versus Craig Conroy in Capitals zone.
13:20 of 2nd period - Shot by Mike Green.
13:20 of 2nd period - Stopped by Carey Price without a rebound.
13:21 of 2nd period - Ryan Johnson wins face-off versus Matt Stajan in Senators zone.
13:21 of 2nd period - Ryan Johnson is hit by Matt Stajan.
13:34 of 2nd period - Off-side.
13:35 of 2nd period - Ryan Johnson wins face-off versus David Desharnais in neutral zone.
13:50 of 2nd period - Shot by Alexander Semin.
13:50 of 2nd period - Stopped by Carey Price without a rebound.
13:51 of 2nd period - Matt Stajan wins face-off versus Ryan Johnson in Senators zone.
14:22 of 2nd period - Jamie Benn is hit by Ryan McDonagh and loses puck.
14:27 of 2nd period - Shot by John Tavares.
14:27 of 2nd period - Deflect By Jamie Benn.
14:27 of 2nd period - Shot Blocked by Marc Methot.
14:31 of 2nd period - Shot by John Tavares.
14:31 of 2nd period - Deflect By Jamie Benn.
14:31 of 2nd period - Stopped by Jimmy Howard with a rebound.
14:33 of 2nd period - Shot by John Tavares.
14:33 of 2nd period - Stopped by Jimmy Howard with a rebound.
14:44 of 2nd period - Patrick Eaves is hit by Marc Methot and loses puck.
14:59 of 2nd period - Icing by David Desharnais.
15:00 of 2nd period - Trent Hunter wins face-off versus Sidney Crosby in Capitals zone.
15:17 of 2nd period - Minor Penalty to Trent Hunter for Holding.
15:18 of 2nd period - Jeff Halpern wins face-off versus Jason Spezza in Capitals zone.
15:18 of 2nd period - Alexander Ovechkin is hit by Jamie Benn and loses puck.
15:33 of 2nd period - Shot by Jason Spezza.
15:33 of 2nd period - Shot Blocked by Mike Green.
15:35 of 2nd period - Shot by Dion Phaneuf.
15:35 of 2nd period - Stopped by Jimmy Howard without a rebound.
15:36 of 2nd period - Jeff Halpern wins face-off versus Sidney Crosby in Capitals zone.
15:56 of 2nd period - Icing by Joffrey Lupul.
15:57 of 2nd period - Alexander Semin wins face-off versus Sidney Crosby in Senators zone.
16:03 of 2nd period - Icing by Claude Giroux.
16:04 of 2nd period - Sidney Crosby wins face-off versus Alexander Ovechkin in Senators zone.
16:13 of 2nd period - Shot by Nicklas Lidstrom.
16:13 of 2nd period - Shot Blocked by Kimmo Timonen.
16:15 of 2nd period - Shot by Claude Giroux.
16:15 of 2nd period - Stopped by Jimmy Howard without a rebound.
16:16 of 2nd period - Alexander Semin wins face-off versus Jason Spezza in Capitals zone.
16:32 of 2nd period - Shot by Dion Phaneuf.
16:32 of 2nd period - Deflect By Jamie Benn.
16:32 of 2nd period - Stopped by Jimmy Howard without a rebound.
16:33 of 2nd period - Jason Spezza wins face-off versus Jeff Halpern in Capitals zone.
16:34 of 2nd period - Shot by Jamie Benn.
16:34 of 2nd period - Shot Blocked by Mike Green.
16:43 of 2nd period - Minor Penalty to Ryane Clowe for Hooking.
16:44 of 2nd period - Jeff Halpern wins face-off versus Sidney Crosby in Capitals zone.
17:05 of 2nd period - Shot by Sidney Crosby.
17:05 of 2nd period - Stopped by Jimmy Howard with a rebound.
17:09 of 2nd period - Shot by Sidney Crosby.
17:09 of 2nd period - Goal by Sidney Crosby - Senators : 2 - Capitals : 1.
17:10 of 2nd period - David Desharnais wins face-off versus Jason Spezza in neutral zone.
18:37 of 2nd period - Willie Mitchell is hit by Jamie Benn and loses puck.
19:01 of 2nd period - Shot by Taylor Hall.
19:01 of 2nd period - Shot Misses the Net.
19:03 of 2nd period - Shot by Marc Methot.
19:03 of 2nd period - Shot Misses the Net.
19:05 of 2nd period - Shot by Ryane Clowe.
19:05 of 2nd period - Stopped by Carey Price without a rebound.
19:06 of 2nd period - John Tavares wins face-off versus Matt Stajan in Senators zone.
19:28 of 2nd period - Shot by John Tavares.
19:28 of 2nd period - Goal by John Tavares - Senators : 3 - Capitals : 1.
19:29 of 2nd period - Sidney Crosby wins face-off versus David Desharnais in neutral zone.
19:53 of 2nd period - Shot by David Desharnais.
19:53 of 2nd period - Shot Blocked by Nicklas Lidstrom.
19:57 of 2nd period - Shot by Taylor Hall.
19:57 of 2nd period - Shot Misses the Net.

Period #3

0:01 of 3rd period - Matt Stajan wins face-off versus Claude Giroux in neutral zone.
0:10 of 3rd period - Shot by Alexander Ovechkin.
0:10 of 3rd period - Stopped by Carey Price without a rebound.
0:11 of 3rd period - Jeff Halpern wins face-off versus John Tavares in Senators zone.
0:12 of 3rd period - Shot by Alexander Semin.
0:12 of 3rd period - Stopped by Carey Price without a rebound.
0:13 of 3rd period - Jeff Halpern wins face-off versus John Tavares in Senators zone.
0:17 of 3rd period - Alexander Semin is hit by Dion Phaneuf.
0:31 of 3rd period - Shot by Alexander Semin.
0:31 of 3rd period - Shot Misses the Net.
1:02 of 3rd period - Icing by Willie Mitchell.
1:03 of 3rd period - Jeff Halpern wins face-off versus Sidney Crosby in Capitals zone.
1:12 of 3rd period - Shot by Sidney Crosby.
1:12 of 3rd period - Stopped by Jimmy Howard without a rebound.
1:13 of 3rd period - Jason Spezza wins face-off versus Matt Stajan in Capitals zone.
1:42 of 3rd period - Alexander Ovechkin is hit by Shaone Morrisonn and loses puck.
2:04 of 3rd period - Icing by Derek Morris.
2:05 of 3rd period - David Desharnais wins face-off versus Jason Spezza in Senators zone.
2:33 of 3rd period - Sidney Crosby is hit by Marc Methot and loses puck.
3:17 of 3rd period - Icing by John-Michael Liles.
3:18 of 3rd period - John Tavares wins face-off versus Matt Stajan in Senators zone.
3:23 of 3rd period - Shot by Daniel Alfredsson.
3:23 of 3rd period - Shot Misses the Net.
3:25 of 3rd period - Shot by Dion Phaneuf.
3:25 of 3rd period - Stopped by Jimmy Howard with a rebound.
3:27 of 3rd period - Shot by Daniel Alfredsson.
3:27 of 3rd period - Goal by Daniel Alfredsson - Senators : 4 - Capitals : 1.
3:27 of 3rd period - Mike Smith enters game.
3:28 of 3rd period - John Tavares wins face-off versus Matt Stajan in neutral zone.
3:40 of 3rd period - Icing by Kimmo Timonen.
3:41 of 3rd period - Ryane Clowe wins face-off versus Jason Spezza in Capitals zone.
3:41 of 3rd period - Ryane Clowe is hit by Nick Foligno.
3:46 of 3rd period - Icing by Alexander Ovechkin.
3:47 of 3rd period - Sidney Crosby wins face-off versus Matt Stajan in Capitals zone.
4:13 of 3rd period - Icing by Claude Giroux.
4:14 of 3rd period - Sidney Crosby wins face-off versus Jeff Halpern in Senators zone.
4:18 of 3rd period - Willie Mitchell is hit by Joffrey Lupul and loses puck.
4:42 of 3rd period - Icing by Claude Giroux.
4:43 of 3rd period - Sidney Crosby wins face-off versus David Desharnais in Senators zone.
5:04 of 3rd period - Shot by David Desharnais.
5:04 of 3rd period - Shot Blocked by Nicklas Lidstrom.
5:08 of 3rd period - Shot by Taylor Hall.
5:08 of 3rd period - Shot Blocked by Sidney Crosby.
5:12 of 3rd period - Shot by David Desharnais.
5:12 of 3rd period - Stopped by Carey Price without a rebound.
5:13 of 3rd period - Matt Stajan wins face-off versus John Tavares in Senators zone.
5:20 of 3rd period - Shot by Jamie Benn.
5:20 of 3rd period - Stopped by Mike Smith without a rebound.
5:21 of 3rd period - Jeff Halpern wins face-off versus Jason Spezza in Capitals zone.
5:21 of 3rd period - Jeff Halpern is hit by Nick Foligno.
5:27 of 3rd period - Shot by Tomas Fleischmann.
5:27 of 3rd period - Stopped by Carey Price with a rebound.
7:16 of 3rd period - Off-side.
7:17 of 3rd period - David Desharnais wins face-off versus Sidney Crosby in neutral zone.
7:27 of 3rd period - Shot by David Desharnais.
7:27 of 3rd period - Shot Misses the Net.
7:51 of 3rd period - Shot by David Desharnais.
7:51 of 3rd period - Stopped by Carey Price without a rebound.
7:52 of 3rd period - Jeff Halpern wins face-off versus Jason Spezza in Senators zone.
7:59 of 3rd period - Minor Penalty to Tomas Fleischmann for Slashing.
8:00 of 3rd period - Jason Spezza wins face-off versus David Desharnais in Capitals zone.
8:03 of 3rd period - Shot by John-Michael Liles.
8:03 of 3rd period - Shot Misses the Net.
8:05 of 3rd period - Shot by Jason Spezza.
8:05 of 3rd period - Goal by Jason Spezza - Senators : 5 - Capitals : 1.
8:06 of 3rd period - Tomas Fleischmann wins face-off versus John Tavares in neutral zone.
8:21 of 3rd period - Shot by Jamie Benn.
8:21 of 3rd period - Goal by Jamie Benn - Senators : 6 - Capitals : 1.
8:22 of 3rd period - David Desharnais wins face-off versus Jason Spezza in neutral zone.
8:38 of 3rd period - Icing by Jason Spezza.
8:39 of 3rd period - Jeff Halpern wins face-off versus Jason Spezza in Senators zone.
9:02 of 3rd period - Shot by Tomas Fleischmann.
9:02 of 3rd period - Deflect By Alexander Semin.
9:02 of 3rd period - Shot Misses the Net.
10:04 of 3rd period - Shot by Alexander Ovechkin.
10:04 of 3rd period - Stopped by Carey Price without a rebound.
10:05 of 3rd period - Sidney Crosby wins face-off versus David Desharnais in Senators zone.
10:19 of 3rd period - Minor Penalty to Claude Giroux for Roughing.
10:20 of 3rd period - Ryan Johnson wins face-off versus David Desharnais in Senators zone.
10:51 of 3rd period - Dion Phaneuf is hit by Alexander Ovechkin and loses puck.
12:19 of 3rd period - Joffrey Lupul is hit by Trent Hunter and loses puck.
12:27 of 3rd period - Claude Giroux is hit by Marc Methot and loses puck.
12:39 of 3rd period - Icing by Ryan McDonagh.
12:40 of 3rd period - Jeff Halpern wins face-off versus Jason Spezza in Capitals zone.
12:40 of 3rd period - Jeff Halpern is hit by Nick Foligno.
13:16 of 3rd period - Shot by Jason Spezza.
13:16 of 3rd period - Goal by Jason Spezza - Senators : 7 - Capitals : 1.
13:17 of 3rd period - Jeff Halpern wins face-off versus Sidney Crosby in neutral zone.
13:24 of 3rd period - Shot by Alexander Semin.
13:24 of 3rd period - Stopped by Carey Price without a rebound.
13:25 of 3rd period - Jeff Halpern wins face-off versus Daniel Alfredsson in Senators zone.
13:29 of 3rd period - Alexander Semin is hit by Dion Phaneuf and loses puck.
14:25 of 3rd period - Sidney Crosby is hit by Kimmo Timonen and loses puck.
14:30 of 3rd period - Shot by Sidney Crosby.
14:30 of 3rd period - Shot Misses the Net.
14:37 of 3rd period - Sidney Crosby is hit by Mike Green.
14:44 of 3rd period - Sidney Crosby is hit by Mike Green and loses puck.
14:55 of 3rd period - Shot by Sidney Crosby.
14:55 of 3rd period - Stopped by Mike Smith with a rebound.
15:09 of 3rd period - Shot by Jason Spezza.
15:09 of 3rd period - Shot Blocked by Ryane Clowe.
15:11 of 3rd period - Shot by Jason Spezza.
15:11 of 3rd period - Shot Misses the Net.
15:13 of 3rd period - Shot by Jason Spezza.
15:13 of 3rd period - Stopped by Mike Smith without a rebound.
15:14 of 3rd period - David Desharnais wins face-off versus Jason Spezza in Capitals zone.
15:21 of 3rd period - Patrick Eaves is hit by Trent Hunter and loses puck.
16:24 of 3rd period - Shot by Willie Mitchell.
16:24 of 3rd period - Stopped by Carey Price with a rebound.
16:28 of 3rd period - Shot by Alexander Semin.
16:28 of 3rd period - Shot Blocked by Dion Phaneuf.
16:32 of 3rd period - Shot by Jeff Halpern.
16:32 of 3rd period - Goal by Jeff Halpern - Senators : 7 - Capitals : 2.
16:33 of 3rd period - Sidney Crosby wins face-off versus Matt Stajan in neutral zone.
16:36 of 3rd period - Matt Stajan is hit by Joffrey Lupul.
17:01 of 3rd period - Shot by Alexei Kovalev.
17:01 of 3rd period - Shot Misses the Net.
17:11 of 3rd period - Shot by Sidney Crosby.
17:11 of 3rd period - Shot Misses the Net.
17:15 of 3rd period - Shot by Sidney Crosby.
17:15 of 3rd period - Shot Misses the Net.
17:22 of 3rd period - Icing by Kimmo Timonen.
17:23 of 3rd period - Matt Stajan wins face-off versus Jason Spezza in Capitals zone.
18:12 of 3rd period - Shot by David Desharnais.
18:12 of 3rd period - Shot Hit the Post.
18:14 of 3rd period - Shot by Taylor Hall.
18:14 of 3rd period - Stopped by Carey Price without a rebound.
18:15 of 3rd period - Jeff Halpern wins face-off versus John Tavares in Senators zone.
18:15 of 3rd period - Jeff Halpern is hit by Dion Phaneuf.
18:39 of 3rd period - Shot by Daniel Alfredsson.
18:39 of 3rd period - Shot Misses the Net.
18:49 of 3rd period - Shot by Jamie Benn.
18:49 of 3rd period - Shot Misses the Net.
18:53 of 3rd period - Shot by Jamie Benn.
18:53 of 3rd period - Shot Misses the Net.
19:28 of 3rd period - Icing by Jan Hejda.
19:29 of 3rd period - Sidney Crosby wins face-off versus Taylor Hall in Senators zone.


Output by the SimonT Hockey Simulator (STHS) for Stephane Roy -- Original Page W3C XHTML 1.0 Valid